 Dungeon Crawl Stone Soup version 0.26.1-2-gb8aa6d0cf2 (webtiles) character file.

Game seed: 17295679667159667503

16738 axecop the Envoy of Void (level 12, -11/96 HPs)
             Began as a Demonspawn Abyssal Knight on Mar 17, 2021.
             Was a High Priest of Lugonu.
             Mangled by Snorg (18 damage)
             ... on level 11 of the Dungeon.
             The game lasted 00:15:40 (12125 turns).

axecop the Envoy of Void (DsAK)                    Turns: 12125, Time: 00:15:41

Health: -11/96     AC: 19    Str: 15    XL:     12   Next: 12%
Magic:  19/20      EV: 12    Int: 16    God:    Lugonu [*****.]
Gold:   585        SH:  0    Dex: 13    Spells: 10/11 levels left

rFire    + + .     SeeInvis .   a - +6 lajatang (vamp)
rCold    . . .     Faith    .   (shield currently unavailable)
rNeg     . . .     Spirit   .   Y - +2 swamp dragon scales
rPois    +         Reflect  .   (helmet restricted)
rElec    .         Harm     .   R - +2 cloak {rCorr}
rCorr    +         Rampage  .   e - +1 pair of gloves
Will     .....                  (no boots)
Stlth    +.........             v - amulet of regeneration
HPRegen  0.66/turn              c - ring of poison resistance
MPRegen  0.17/turn              W - ring of protection from fire

@: no status effects
A: antennae 2, thin metallic scales 1, fire resistance 1, spiny 2
a: Renounce Religion, Depart the Abyss, Bend Space, Banish, Corrupt, Enter the
Abyss


You were on level 11 of the Dungeon.
You worshipped Lugonu.
Lugonu was extremely pleased with you.
You visited 1 branch of the dungeon, and saw 11 of its levels.
You visited the Abyss 1 time.
You also visited: Sewer.

You collected 585 gold pieces.

Inventory:

Hand Weapons
 a - a +6 vampiric lajatang (weapon)
 b - a +0 hunting sling
 f - a +2 dagger of electrocution
 y - a +0 arbalest
 C - a +0 hand crossbow
 L - a +2 scimitar of flaming
Missiles
 h - 59 poisoned darts (quivered)
 t - 98 sling bullets
 T - 21 bolts
Armour
 e - a +1 pair of gloves (worn)
 x - a +0 buckler
 I - a +2 ring mail of poison resistance
 R - a +2 cloak of preservation (worn)
 Y - +2 swamp dragon scales (worn)
Magical Staves
 q - an uncursed staff of death
Jewellery
 c - a ring of poison resistance (left hand)
 v - an amulet of regeneration (around neck)
 M - a +6 ring of strength
 U - an uncursed amulet of magic regeneration {unknown}
 W - a ring of protection from fire (right hand)
Wands
 g - a wand of disintegration (16)
 p - a wand of random effects (44)
 D - a wand of enslavement (6)
 G - a wand of digging (4)
 J - a wand of paralysis (20)
 X - a wand of acid (9)
Scrolls
 i - a scroll of vulnerability
 l - 4 scrolls of fear
 m - 5 scrolls of teleportation
 n - 4 scrolls of blinking
 E - a scroll of amnesia
 K - 2 scrolls of fog
 Q - 3 scrolls of holy word
 V - a scroll of magic mapping
 Z - a scroll of enchant weapon
Potions
 d - 2 potions of magic
 j - a potion of attraction
 k - a potion of mutation
 o - 4 potions of might
 u - 4 potions of lignification
 z - 5 potions of flight
 A - 8 potions of heal wounds
 B - 3 potions of curing
 N - a potion of resistance
 P - a potion of cancellation
 S - a potion of brilliance


   Skills:
 + Level 9.4 Fighting
 - Level 4.0(8.0) Maces & Flails
 * Level 10.6(10.9) Staves
 + Level 8.4 Armour
 + Level 4.2 Dodging
 - Level 11.1 Invocations


You had 10 spell levels left.
You knew the following spells:

 Your Spells              Type           Power        Failure   Level
a - Shock                 Conj/Air       0%           41%         1

Your spell library contained the following spells:

 Spells                   Type           Power        Failure   Level
 Animate Skeleton         Necr           0%           41%         1
 Apportation              Tloc           0%           41%         1
 Corona                   Hex            0%           41%         1
 Magic Dart               Conj           0%           41%         1
 Summon Small Mammal      Summ           0%           41%         1
 Blink                    Tloc           N/A          54%         2
 Call Imp                 Summ           0%           54%         2
 Slow                     Hex            0%           54%         2
 Swiftness                Air            0%           54%         2
 Confusing Touch          Hex            0%           78%         3
 Conjure Flame            Conj/Fire      0%           78%         3
 Gell's Gravitas          Tloc           0%           78%         3
 Mephitic Cloud           Conj/Pois/Air  0%           78%         3
 Static Discharge         Conj/Air       0%           78%         3
 Airstrike                Air            0%           99%         4
 Petrify                  Tmut/Erth      0%           99%         4
 Lightning Bolt           Conj/Air       0%           100%        5
 Metabolic Englaciation   Hex/Ice        0%           100%        5
 Yara's Violent Unravell  Hex/Tmut       0%           100%        5


Dungeon Overview and Level Annotations

Branches:
Dungeon (11/15)            Temple (0/1) D:7            Lair (0/6) D:9
    Orc (0/2) D:9           Sewer (visited)

Altars:
Ashenzari
Dithmenos
Fedhas
Kikubaaqudgha
Makhleb
Okawaru
Ru
Trog
Wu Jian
Xom
Yredelemnul

Shops:
D:5 (   D:6 }

Annotations:
D:9 exclusion: obsidian statue
D:11 1 runed translucent door, corrupted, Snorg


Innate Abilities, Weirdness & Mutations

You have a pair of antennae on your head.
You are partially covered in thin metallic scales. (AC +2)
Your flesh is heat resistant. (rF+)
You are mostly covered in sharp spines.


Message History

Snorg closely misses you. Snorg barely misses you.
You barely miss Snorg.
Snorg is moderately wounded.
Snorg closely misses you. Snorg barely misses you. Snorg completely misses you.
Unknown command.
You closely miss Snorg.
Snorg is moderately wounded.
Snorg is struck by your spines. Snorg bites you but does no damage.
Snorg claws you. x2
You slash Snorg!
You feel better.
Snorg is heavily wounded.
Snorg is struck by your spines. Snorg bites you!! Snorg claws you!
Snorg claws you. Snorg bites you. Snorg claws you. Snorg claws you!
* * * LOW HITPOINT WARNING * * *
Unknown command.
Space bends sharply around you!
Snorg blinks! x2; You blink.
The centaur shoots an arrow.
The arrow closely misses you. Snorg bites you!
* * * LOW HITPOINT WARNING * * *
Snorg claws you!!
You die...

.#.........†##....
.##........)†.....
##.########.####....
#§.# #.# #.... #§#
#.# ##..)
#§#########.# ####
#cC.....(...#
#.....(.....#
#.T@........'...
#...........###..
#...........#
#...........#
#############


You could see Snorg (berserk), a cyclops and a centaur.

Vanquished Creatures
  Harold (D:9)
  Erolcha (D:9)
  A two-headed ogre (D:8)
  Nergalle (D:11)
  2 deep trolls (D:10)
  An ugly thing (D:11)
  Joseph (D:7)
  Maggie (D:9)
  A centaur skeleton (D:10)
  8 trolls
  A vampire (D:11)
  A wyvern (D:10)
  A wraith (D:11)
  3 yaks (D:10)
  Grum (D:11)
  Edmund (D:5)
  2 water moccasins
  2 eyes of draining
  6 orc warriors
  An ice beast (D:10)
  A sky beast (D:5)
  A black bear (D:9)
  4 phantoms
  13 ogres
  6 centaurs
  4 wolves (D:11)
  3 big kobolds
  9 bullfrogs
  A wyvern zombie (D:7)
  3 scorpions
  7 killer bees (D:10)
  27 wights
  4 electric eels (D:10)
  2 bullfrog zombies (D:11)
  A centaur zombie (D:10)
  10 orc wizards
  3 bullfrog skeletons
  6 hounds
  2 jellies
  3 orc priests
  Jessica (D:2)
  2 iguanas
  7 worker ants
  A killer bee zombie (D:6)
  A hound skeleton (D:10)
  A worker ant zombie (D:8)
  13 adders
  3 gnolls (D:5)
  4 river rats (Sewer)
  3 shadow imps
  A white imp (D:5)
  2 ufetubi
  4 oozes
  4 worms
  2 dart slugs (D:2)
  11 leopard geckos
  33 orcs
  6 bats (D:1)
  5 giant cockroaches
  9 goblins
  5 hobgoblins
  12 jackals
  2 quokkas
  6 ball pythons
  20 frilled lizards
  A giant cockroach zombie (D:6)
  A jackal zombie (D:8)
  26 kobolds
  29 rats
362 creatures vanquished.

Vanquished Creatures (collateral kills)
  A troll (D:10)
  An orc warrior (D:7)
2 creatures vanquished.

Vanquished Creatures (others)
  A fire giant (D:11)
  A fire dragon (D:11)
  An ettin (D:11)
  A deep troll earth mage (D:11)
  A hell knight (D:11)
  A deep troll (D:11)
  A flayed ghost (D:11)
  A manticore (shapeshifter) (D:11)
  A white imp (D:10)
  5 plants
  4 starspawn tentacles (D:11)
18 creatures vanquished.

Grand Total: 382 creatures vanquished

Notes
Turn   | Place    | Note
-------+----------+-------------------------------------------
     0 | Abyss:1  | axecop the Demonspawn Abyssal Knight began the quest for
                  | the Orb.
     0 | Abyss:1  | Reached XP level 1. HP: 18/18 MP: 2/2
     0 | Abyss:1  | Found a corrupted altar of Lugonu.
    66 | D:1      | Escaped the Abyss
   414 | D:1      | Gained mutation: You have a pair of small antennae on your
                  | head. [demonic ancestry]
   414 | D:1      | Reached XP level 2. HP: 24/24 MP: 4/4
   532 | D:1      | Reached skill level 3 in Invocations
   659 | D:1      | Reached ** piety under Lugonu
  1005 | D:2      | Reached XP level 3. HP: 29/29 MP: 5/5
  1060 | D:2      | Noticed Jessica
  1080 | D:2      | Killed Jessica
  1081 | D:2      | Gained mutation: You are partially covered in sharp spines.
                  | [demonic ancestry]
  1081 | D:2      | Reached XP level 4. HP: 29/35 MP: 6/6
  1161 | D:2      | Found a basalt altar of Yredelemnul.
  1975 | D:3      | Found a glowing drain.
  1979 | Sewer    | Entered a sewer
  1990 | Sewer    | Reached *** piety under Lugonu
  2090 | Sewer    | Reached skill level 4 in Invocations
  2090 | Sewer    | Gained mutation: You are partially covered in thin metallic
                  | scales. (AC +2) [demonic ancestry]
  2090 | Sewer    | Reached XP level 5. HP: 7/41 MP: 6/8
  2768 | Sewer    | Reached XP level 6. HP: 48/48 MP: 9/9
  2775 | Sewer    | Reached **** piety under Lugonu
  3180 | D:3      | Reached skill level 5 in Invocations
  4082 | D:4      | Reached XP level 7. HP: 53/55 MP: 11/11
  4087 | D:4      | Reached skill level 1 in Staves
  4383 | D:4      | Found a blossoming altar of Fedhas.
  4775 | D:5      | Entered Level 5 of the Dungeon
  4885 | D:5      | Found a shadowy altar of Dithmenos.
  4913 | D:5      | Found Qaunekao's Hydra Hut.
  4938 | D:5      | Reached skill level 5 in Fighting
  4964 | D:5      | Reached skill level 6 in Invocations
  5087 | D:5      | Reached ***** piety under Lugonu
  5097 | D:5      | Found a bloodstained altar of Trog.
  5106 | D:5      | Reached XP level 8. HP: 36/62 MP: 12/12
  5265 | D:5      | Noticed Edmund
  5278 | D:5      | Killed Edmund
  5484 | D:5      | Noticed a four-headed hydra
  5655 | D:5      | Found an ancient bone altar of Kikubaaqudgha.
  5655 | D:5      | Found a sacrificial altar of Ru.
  5849 | D:6      | Reached skill level 7 in Invocations
  5952 | D:6      | Found Ronima's Gadget Shop.
  6058 | D:6      | Reached skill level 5 in Armour
  6221 | D:6      | Reached skill level 5 in Staves
  6312 | D:6      | Found a broken altar of Ashenzari.
  6312 | D:6      | Found an ornate altar of the Wu Jian Council.
  6312 | D:6      | Found a shimmering altar of Xom.
  6374 | D:6      | Reached XP level 9. HP: 65/69 MP: 14/14
  6678 | D:6      | Found an iron altar of Okawaru.
  6898 | D:7      | Noticed Joseph
  6911 | D:7      | Killed Joseph
  6912 | D:7      | Reached skill level 8 in Invocations
  7059 | D:7      | Found a staircase to the Ecumenical Temple.
  7711 | D:8      | Reached skill level 9 in Invocations
  7799 | D:8      | Gained mutation: You are mostly covered in sharp spines.
                  | [demonic ancestry]
  7799 | D:8      | Reached XP level 10. HP: 79/79 MP: 16/16
  7813 | D:8      | Noticed a two-headed ogre
  7820 | D:8      | Killed a two-headed ogre
  8146 | D:8      | Found a burning altar of Makhleb.
  8773 | D:9      | Noticed Harold
  8785 | D:9      | Killed Harold
  8986 | D:9      | Found a staircase to the Lair.
  8996 | D:9      | Found a staircase to the Orcish Mines.
  9028 | D:9      | Learned a level 1 spell: Shock
  9038 | D:9      | Noticed an obsidian statue
  9090 | D:9      | Reached skill level 10 in Invocations
  9255 | D:9      | Noticed Erolcha
  9279 | D:9      | Killed Erolcha
  9522 | D:9      | Noticed Maggie
  9530 | D:9      | Killed Maggie
  9710 | D:10     | Entered Level 10 of the Dungeon
  9717 | D:10     | Reached skill level 1 in Dodging
  9717 | D:10     | Gained mutation: You have a pair of antennae on your head.
                  | [demonic ancestry]
  9717 | D:10     | Reached XP level 11. HP: 87/87 MP: 18/18
 10242 | D:10     | Noticed an iron troll
 10244 | D:10     | Noticed a deep troll
 10246 | D:10     | Noticed a deep troll
 10256 | D:10     | Killed a deep troll
 10266 | D:10     | Killed a deep troll
 10406 | D:11     | Banished an iron troll
 10407 | D:11     | Reached skill level 11 in Invocations
 10786 | D:10     | Reached skill level 10 in Staves
 11404 | D:11     | Reached ****** piety under Lugonu
 11645 | D:11     | Noticed Nergalle
 11669 | D:11     | Killed Nergalle
 11676 | D:11     | Noticed a green ugly thing
 11688 | D:11     | Killed a green ugly thing
 11689 | D:11     | Gained mutation: Your flesh is heat resistant. (rF+)
                  | [demonic ancestry]
 11689 | D:11     | Reached XP level 12. HP: 88/95 MP: 20/20
 12053 | D:11     | Noticed a deep troll earth mage
 12054 | D:11     | Found a runed translucent door.
 12056 | D:11     | Noticed a fire giant
 12056 | D:11     | Noticed a fire dragon
 12056 | D:11     | Noticed an ettin
 12060 | D:11     | Corrupted D:11
 12060 | D:11     | Noticed a tentacled starspawn
 12060 | D:11     | Noticed a bone dragon
 12060 | D:11     | Noticed a death knight
 12072 | D:11     | Noticed Grum
 12075 | D:11     | Killed a deep troll earth mage
 12077 | D:11     | Killed an ettin
 12078 | D:11     | Killed a fire dragon
 12079 | D:11     | Killed a fire giant
 12086 | D:11     | Killed Grum
 12111 | D:11     | Noticed Snorg
 12125 | D:11     | Mangled by Snorg

Illustrated notes

Levels and vault maps discovered:
D:1:      grunt_arrival_crossed_arrows, layout_basic, minmay_misc_feat_x,
          minmay_stone_trees_small, chequers_serial_rivers_marsh
D:2:      layout_loops_ring, old_standard_altar, nicolae_overflow_hidden_temple,
          nicolae_underground_beach, uniq_jessica
D:3:      layout_basic, gup_sewer_entry_bowl, minmay_lizard_king
D:4:      layout_layer_cave, kennysheep_mini_moat
D:5:      layout_rooms, kennysheep_little_box, grunt_dithmenos_smoke,
          gammafunk_temple_overflow_statue, kennysheep_big_empty_room,
          doesnt_shop_hydraphobe, uniq_edmund
D:6:      layout_basic, general_overflow_altar, gammafunk_temple_overflow_claw,
          serial_glass, glass_columns_a, glass_columns_a, serial_shops,
          nicolae_shop_crystal
D:7:      layout_layer_cave, minmay_temple_entry_mini_moons, uniq_joseph
D:8:      layout_loops_ring, old_standard_altar
D:9:      layout_irregular_city, lair_entry_dummy, orc_0_dummy, minivault_16,
          uniq_erolcha, uniq_maggie, uniq_harold
D:10:     lemuel_troll_bridge, layout_loops_corners
D:11:     minmay_gate_of_8, layout_basic, hive_lemuel, uniq_grum, uniq_nergalle,
          uniq_snorg

Skill      XL: |  1  2  3  4  5  6  7  8  9 10 11 12 |
---------------+-------------------------------------+-----
Maces & Flails | 2 3 4 |  4.0
Invocations    | 3 4 5 6 7 9 10 11 | 11.1
Armour         | 2 3 4 5 6 7 8 |  8.4
Fighting       | 4 5 6 7 8 9 |  9.4
Staves         | 3 5 7 8 10 | 10.6
Dodging        | 1 3 4 |  4.2

Action                   |  1- 3 |  4- 6 |  7- 9 | 10-12 || total
-------------------------+-------+-------+-------+-------++-------
Melee: Mace              |    25 |       |       |       ||    25
       Dagger            |    40 |   188 |       |       ||   228
       Lajatang          |       |     3 |   226 |   377 ||   606
 Fire: Hunting sling     |       |    18 |       |       ||    18
Invok: Bend Space        |       |       |       |     7 ||     7
       Banish            |       |       |       |     2 ||     2
       Corrupt           |       |       |       |     1 ||     1
Evoke: Wand              |       |       |     1 |     7 ||     8
  Use: Scroll            |     5 |    14 |     8 |    11 ||    38
       Potion            |       |     1 |       |     1 ||     2
 Stab: Paralysed         |       |       |       |     2 ||     2
Armor: Leather armour    |    22 |    62 |    19 |       ||   103
       Skin              |       |     6 |       |       ||     6
       Ring mail         |       |       |    69 |    44 ||   113
       Swamp dragon scal |       |       |       |   168 ||   168
Dodge: Dodged            |    47 |   100 |   130 |   238 ||   515
